 Dungeon Crawl Stone Soup version 0.28-a0-726-g4a9143789a (webtiles) character file.

Game seed: 6116655212112813890

23 Sabo the Shield-Bearer (level 3, 0/27 HPs)
             Began as a Formicid Fighter on Oct 27, 2021.
             Was a Follower of Hepliaklqana.
             Slain by a goblin (5 damage)
             ... led by Robin
             ... on level 2 of the Dungeon.
             The game lasted 00:04:15 (620 turns).

Sabo the Shield-Bearer (Formicid Fighter)            Turns: 620, Time: 00:04:16

Health: 0/27       AC:  6    Str: 21    XL:     3   Next: 12%
Magic:  3/3        EV:  9    Int:  7    God:    Hepliaklqana [*.....]
Gold:   13         SH:  4    Dex: 10    Spells: 2/2 levels left

rFire   . . .      SeeInvis +   a - +0 war axe
rCold   . . .      Faith    .   c - +0 buckler
rNeg    . . .      Spirit   .   b - +0 scale mail
rPois   +          Reflect  .   (helmet unavailable)
rElec   .          Harm     .   (no cloak)
rCorr   .          Rampage  .   (no gloves)
Will    .....                   (no boots)
Stlth   ..........              (no amulet)
HPRegen 0.09/turn               g - ring of poison resistance
MPRegen 0.08/turn               (no ring)

@: no status effects
A: reduced essence, permanent stasis, dig shafts and tunnels, antennae 3, four
strong arms
a: Dig, Shaft Self, Renounce Religion, Recall Ancestor, Ancestor Identity


You were on level 2 of the Dungeon.
You worshipped Hepliaklqana.
Hepliaklqana was aware of your devotion.
You visited 1 branch of the dungeon, and saw 2 of its levels.

You collected 13 gold pieces.

Inventory:

Hand Weapons
 a - a +0 war axe (weapon)
Missiles
 e - 40 bolts
Armour
 b - a +0 scale mail (worn)
 c - a +0 buckler (worn)
Jewellery
 g - a ring of poison resistance (left hand)
Scrolls
 f - a scroll of teleportation {unknown}
Potions
 d - 2 potions of might


   Skills:
 + Level 3.8 Fighting
 + Level 2.2 Axes
 + Level 3.5 Armour
 + Level 4.0 Shields


You had 2 spell levels left.
You didn't know any spells.
Your spell library was empty.

Dungeon Overview and Level Annotations

Branches:
Dungeon (1/15)

Altars:
Hepliaklqana

Annotations:
D:2 Robin


Innate Abilities, Weirdness & Mutations

Your life essence is reduced to manifest your ancestor. (-10% HP)
You cannot be hasted, slowed, berserked, paralysed or teleported.
You can dig through walls and to a lower floor.
You have a pair of large antennae on your head. (SInv)
Your four strong arms can wield two-handed weapons with a shield.


Message History

You barely miss the goblin. The goblin hits you with a +0 club.
You have reached level 3!
Your experience leads to an increase in your attributes!
Increase (S)trength, (I)ntelligence, or (D)exterity?
You feel stronger.
Tlaloc remembers more of their old skill.
You hit the endoplasm but do no damage. You closely miss the goblin.
The goblin hits you with a +0 club.
The endoplasm hits you but does no damage.
You slash the endoplasm!
You kill the endoplasm!
You closely miss the goblin. The goblin hits you with a +0 club. x2
You hit the goblin.
The goblin is moderately wounded.
The goblin barely misses you. Robin throws the goblin at you!
You hit the goblin.
You kill the goblin!
You hit the goblin. The goblin misses you.
The goblin hits you but does no damage. The goblin hits you with a +0 dagger.
You hit the goblin.
The goblin is heavily wounded.
You barely miss the goblin. The goblin hits you but does no damage.
The goblin hits you with a +0 dagger.
* * * LOW HITPOINT WARNING * * *
You completely miss the goblin.
The goblin is heavily wounded.
You closely miss the goblin. The goblin barely misses you. x2
The goblin hits you with a +0 club.
* * * LOW HITPOINT WARNING * * *
You hit the goblin but do no damage.
The goblin is heavily wounded.
You completely miss the goblin. The goblin barely misses you.
The goblin hits you but does no damage. x2
You barely miss the goblin.
The goblin is moderately wounded.
You barely miss the goblin.
The hobgoblin no longer looks unusually strong.
The goblin no longer looks unusually strong.
The goblin closely misses you. The goblin hits you with a +0 dagger.
You die...

#........
#.......#
#.......#
#.......#
#......g#
#....ggg#
#...{{gg#
#g# #@#
#g# #.#
#.. ###


You could see Robin, 3 hobgoblins and 4 goblins.

Vanquished Creatures
  A dart slug (D:1)
  2 endoplasms
  A giant cockroach (D:1)
  6 goblins
  2 bats (D:1)
  2 kobolds (D:1)
  4 rats (D:1)
18 creatures vanquished.

Vanquished Creatures (collateral kills)
  A kobold (D:1)
  A rat (D:1)
2 creatures vanquished.

Grand Total: 20 creatures vanquished

Notes
Turn   | Place    | Note
-------+----------+-------------------------------------------
     0 | D:1      | Sabo the Formicid Fighter began the quest for the Orb.
     0 | D:1      | Reached XP level 1. HP: 18/18 MP: 1/1
    94 | D:1      | Reached XP level 2. HP: 24/24 MP: 2/2
   316 | D:1      | Found a faded altar of an unknown god.
   400 | D:1      | Prayed at the altar of an unknown god.
   400 | D:1      | Became a worshipper of Hepliaklqana the Forgotten
   400 | D:1      | Reached * piety under Hepliaklqana
   549 | D:1      | Reached skill level 4 in Shields
   607 | D:1      | You fall into a shaft and drop 1 floor!
   607 | D:2      | Noticed Robin
   613 | D:2      | Reached XP level 3. HP: 25/27 MP: 3/3
   620 | D:2      | Slain by a goblin

Illustrated notes

Levels and vault maps discovered:
D:1:      dpeg_arrival_subterranean_lakeside_camping, layout_basic,
          chequers_ecumenical_altar_simple, minmay_pentomino_o2
D:2:      layout_loops_cross, uniq_crazy_yiuf_cottage, uniq_robin

Skill      XL: |  1  2 |
---------------+-------+-----
Shields        | 4 |  4.0
Fighting       | |  3.8
Axes           | |  2.2
Armour         | |  3.5

Action                   || total
-------------------------++-------
Melee: War axe           ||    51
 Abil: Dig               ||     2
Armor: Scale mail        ||    32
Dodge: Dodged            ||    24
Block: Buckler           ||    12

Table legend: (Time is in decaauts)
 A = Elapsed time spent in this place.
 B = Non-inter-level travel time spent in this place.
 C = Inter-level travel time spent in this place.
 D = Time resting spent in this place.
 E = Time spent auto-exploring this place.
 F = Levels seen in this place.
 G = Mean time per level.
                   A        B        C        D        E       F      G
               +--------+--------+--------+--------+--------+-----+--------+
         Total |    644 |    644 |      0 |     52 |      0 |   2 |  322.0 |
       Dungeon |    644 |    644 |      0 |     52 |      0 |   2 |  322.0 |
               +--------+--------+--------+--------+--------+-----+--------+

Top non-repeatable levels by time:
     D:1: 627 daAuts
     D:2: 17 daAuts
